 Dungeon Crawl Stone Soup version 0.28-a0-258-g8de209e91f (webtiles) character file.

Game seed: 11571904394628101253

37 aSlayers the Skirmisher (level 3, -1/29 (34) HPs)
             Began as a Deep Dwarf Abyssal Knight on Aug 26, 2021.
             Was a Follower of Lugonu.
             Slain by a hobgoblin (3 damage)
             ... led by Robin
             ... on level 2 of the Dungeon.
             The game lasted 00:02:57 (1114 turns).

aSlayers the Skirmisher (Deep Dwarf Abyssal Knight) Turns: 1114, Time: 00:02:57

HP:   -1/29 (34)    AC:  3    Str: 16    XL:     3   Next: 21%
MP:   4/4           EV: 11    Int: 12    God:    Lugonu [*.....]
Gold: 76            SH:  0    Dex: 12    Spells: 2/2 levels left

rFire   . . .      SeeInvis .   a - +1 hand axe
rCold   . . .      Faith    .   (no shield)
rNeg    . . .      Spirit   .   b - +0 leather armour
rPois   .          Reflect  .   (no helmet)
rElec   .          Harm     .   (no cloak)
rCorr   .          Rampage  .   (no gloves)
Will    .....                   (no boots)
Stlth   +.........              (no amulet)
HPRegen 0.00/turn               (no ring)
MPRegen 0.09/turn               (no ring)

@: heavily drained
A: damage resistance, heal wounds, sense surroundings 1, no regeneration
a: Heal Wounds, Renounce Religion, Depart the Abyss


You were on level 2 of the Dungeon.
You worshipped Lugonu.
Lugonu was aware of your devotion.
You visited 1 branch of the dungeon, and saw 2 of its levels.
You visited the Abyss 1 time.

You collected 76 gold pieces.

Inventory:

Hand Weapons
 a - a +1 hand axe (weapon)
Armour
 b - a +0 leather armour (worn)
Jewellery
 e - a ring of ice
Scrolls
 c - a scroll of immolation {unknown}


   Skills:
 + Level 3.2 Fighting
 + Level 2.8 Axes
 + Level 2.3 Armour
 + Level 1.8 Dodging
 + Level 2.6 Invocations


You had 2 spell levels left.
You didn't know any spells.
Your spell library was empty.

Dungeon Overview and Level Annotations

Branches:
Dungeon (2/15)

Altars:

Annotations:
D:2 Robin


Innate Abilities, Weirdness & Mutations

You are resistant to damage.
You can heal yourself by infusing magical energy.
You passively map a small area around you.
You do not regenerate.


Message History

You hit Robin.
Robin is severely wounded.
You hit the hobgoblin but do no damage. Robin completely misses you.
The hobgoblin closely misses you.
You hit Robin.
Robin is almost dead.
You hit the hobgoblin. Robin barely misses you. The hobgoblin misses you.
You barely miss Robin.
Robin is almost dead.
You hit the hobgoblin but do no damage.
Robin hits you with a +2 mace of draining.
You feel drained.
The hobgoblin hits you but does no damage.
You closely miss Robin.
Robin is almost dead.
You barely miss the hobgoblin. Robin barely misses you.
The hobgoblin closely misses you.
Robin hits you with a +2 mace of draining.
You feel drained.
You barely miss Robin.
Robin is almost dead.
You hit the hobgoblin.
You kill the hobgoblin!
Lugonu accepts your kill.
The hobgoblin hits you but does no damage.
Robin hits you with a +2 mace of draining.
* * * LOW HITPOINT WARNING * * *
You feel drained.
Things that are here:
a +0 club; a goblin corpse You hit the hobgoblin.
The hobgoblin is moderately wounded.
You barely miss Robin. The hobgoblin hits you.
* * * LOW HITPOINT WARNING * * *
Robin hits you but does no damage.
You feel drained. The hobgoblin closely misses you.
You hit the hobgoblin.
The hobgoblin is almost dead.
You hit Robin. Robin closely misses you. The hobgoblin hits you.
You die...

..>.... ≈ ...... , ,
#....##* * gg.≈ ≈ #.....
, *#g#≈, #$..# * * #.#.
* #...# ##.#.#######g..#
* #.......†>g@...#
#..##..##†####.#
#####..##..##.####.##*
.......$g.g.......... *
,
,#####.#.#.g#.......#.,,
#......#....##.#
###.#............ ,
#......#......
#####..#.##....


You could see Robin and a hobgoblin (strong).

Vanquished Creatures
  3 dart slugs (D:1)
  2 endoplasms (D:1)
  7 goblins
  4 hobgoblins (D:2)
  2 jackals (D:1)
  2 kobolds (D:1)
  5 ball pythons
  2 bats (D:1)
  A frilled lizard (D:1)
28 creatures vanquished.

Notes
Turn   | Place    | Note
-------+----------+-------------------------------------------
     0 | Abyss:1  | aSlayers the Deep Dwarf Abyssal Knight began the quest for
                  | the Orb.
     0 | Abyss:1  | Reached XP level 1. HP: 20/20 MP: 2/2
     0 | D:1      | Escaped the Abyss
    92 | D:1      | Reached * piety under Lugonu
   126 | D:1      | Reached XP level 2. HP: 20/27 MP: 3/3
   450 | D:1      | Reached skill level 3 in Fighting
   832 | D:1      | Found a faded altar of an unknown god.
  1071 | D:2      | Noticed Robin
  1091 | D:2      | Reached XP level 3. HP: 25/34 MP: 4/4
  1114 | D:2      | Slain by a hobgoblin

Illustrated notes

Levels and vault maps discovered:
D:1:      nzn_arrival_crosshair, layout_loops_ring,
          ebering_ecumenical_altar_abandoned, chequers_jeans,
          columned_hall_lemuel, minivault_24
D:2:      layout_loops_cross, chequers_serial_rivers_micro_d,
          grunt_decor_mini_mirrors, uniq_sigmund, uniq_robin

Skill      XL: |  1  2 |
---------------+-------+-----
Fighting       | 3 |  3.2
Axes           | |  2.8
Armour         | |  2.3
Dodging        | |  1.8
Invocations    | |  2.6

Action                   || total
-------------------------++-------
Melee: Hand axe          ||    88
Invok: Depart the Abyss  ||     1
  Use: Potion            ||     3
       Scroll            ||     1
Armor: Leather armour    ||    30
Dodge: Dodged            ||    80

Table legend: (Time is in decaauts)
 A = Elapsed time spent in this place.
 B = Non-inter-level travel time spent in this place.
 C = Inter-level travel time spent in this place.
 D = Time resting spent in this place.
 E = Time spent auto-exploring this place.
 F = Levels seen in this place.
 G = Mean time per level.
                   A        B        C        D        E       F      G
               +--------+--------+--------+--------+--------+-----+--------+
         Total |   1139 |   1139 |      0 |    200 |    562 |   3 |  379.7 |
       Dungeon |   1139 |   1139 |      0 |    200 |    562 |   2 |  569.5 |
         Abyss |      0 |      0 |      0 |      0 |      0 |   1 |    0.0 |
               +--------+--------+--------+--------+--------+-----+--------+

Top non-repeatable levels by time:
     D:1: 1082 daAuts
     D:2: 57 daAuts
